[Event "AUT Bundesliga 2024-25"]
[Site "Austria"]
[Date "2025.04.04"]
[Round "8.28"]
[White "Rodshtein, Maxim"]
[Black "Tabernig, Bernhard"]
[Result "1-0"]
[Annotator "TA"]
[ECO "A11"]
[WhiteElo "2647"]
[BlackElo "2262"]
[PlyCount "55"]
[EventDate "2024.08.28"]
[EventType "team-tourn"]
[EventCountry "AUT"]
[SourceTitle "playchess.com"]
[Source "ChessBase"]
[SourceQuality "1"]
[TimeControl "40/5400+30:1800+30"]

1. Nf3 d5 2. g3 Nf6 3. Bg2 c6 4. O-O Bf5 5. c4 e6 6. Qb3 Qb6 7. d3 {[%emt 0:00:26] A11: English Opening: 1...c6.} Nbd7 8. cxd5 Qxb3 9. axb3 {[%emt 0:00:06] [#] White has an edge.} exd5 10. Nd4 $5 {[%emt 0:01:03][%mdl 4] A promising side line.} Be6 $146 (10... Bg6 11. Bd2 Bc5 12. Bc3 O-O 13. b4 Bb6 14. Nd2 Rfe8 15. Rfe1 a6 16. N2b3 h5 {0-1 Balakrishnan,P (2510)-Wang,J (2471) Chesterfield SPICE Cup op 2022 (9)}) 11. Na3 Bc5 12. Nac2 $36 {[%emt 0:00:53][%mdl 2048] White is pushing.} a6 13. b4 Ba7 14. f4 {[%emt 0:08:10] [#]} g6 15. h3 Nh5 16. g4 Ng7 17. Be3 {[%emt 0:01:32] f5 is the strong threat.} f5 ({Better is} 17... Nb6 $14) 18. b5 $16 {[%emt 0:01:36] White is more active.} fxg4 (18... cxb5 $16 19. Nxe6 Bxe3+ 20. Nxe3 Nxe6 21. Nxd5 (21. gxf5 gxf5 22. Bxd5 Nd4 $16) (21. Bxd5 Nd4 $16) 21... O-O-O) 19. bxc6 $18 bxc6 20. hxg4 (20. Nxc6 gxh3 21. Bxa7 (21. Nxa7 hxg2 22. Kxg2 O-O $16) 21... hxg2 $16) 20... Bxg4 21. Nxc6 Bxe3+ 22. Nxe3 Bxe2 23. Rfe1 Bxd3 24. Rad1 ({Less strong is} 24. Nxd5+ Kf8 25. Re7 Bb5 $18) (24. Bxd5 $142 Nc5 25. Nf5+ Kf8 26. Nxg7) 24... Bb5 (24... O-O {was called for.} 25. Rxd3 (25. Bxd5+ Kh8 $18) 25... Rae8 26. Rxd5 (26. Bxd5+ Kh8 $18) 26... Nb6) 25. Nxd5+ Kf8 26. Nc7 $1 Bxc6 27. Bxc6 Rb8 (27... Rd8 $18 28. Bxd7 (28. Rxd7 Rxd7 29. Bxd7 Kf7 $18) 28... Kf7 29. Nxa6 Nh5) 28. Rxd7 {[%emt 0:00:23] Weighted Error Value: White=0.19 (very precise) /Black=0.67  Mistake:       	White=1     	Black=4      Inaccurate:     	White=1     	Black=4      OK:         	White=10    	Black=7      Best:        	White=3     	---} 1-0

[Event "AUT Bundesliga 2024-25"]
[Site "Austria"]
[Date "2025.04.04"]
[Round "8.29"]
[White "Schiestl, Josef"]
[Black "Shimanov, Aleksandr"]
[Result "0-1"]
[Annotator "TA"]
[ECO "C54"]
[WhiteElo "2068"]
[BlackElo "2578"]
[PlyCount "66"]
[EventDate "2024.08.28"]
[EventType "team-tourn"]
[EventCountry "AUT"]
[SourceTitle "playchess.com"]
[Source "ChessBase"]
[SourceQuality "1"]
[TimeControl "40/5400+30:1800+30"]

1. e4 e5 2. Bc4 Nf6 3. d3 Nc6 4. Nf3 Bc5 5. c3 d6 6. Bb3 a5 {[%emt 0:03:39] C54: Giuoco Piano: 4 c3 Nf6, main lines with 5 d4 and 5 d3.} 7. O-O Ba7 8. Nbd2 O-O {[%emt 0:02:07] The position is equal.} 9. h3 Be6 10. Re1 Re8 $5 {[%emt 0:13:49][%mdl 4] An interesting side line.} 11. Nf1 h6 12. Ng3 Bxb3 13. axb3 d5 14. Bd2 $146 (14. Qe2 Qd7 15. Nh2 Rad8 16. Ng4 Nxg4 17. Qxg4 Qxg4 18. hxg4 {½-½ Ivanchuk,V (2678)-Vidit,S (2727) Online Olym KO Stage rapid 2021 (1.21)}) 14... Bc5 15. exd5 Nxd5 16. Be3 Bd6 17. Nf5 Qf6 18. Ng3 Rad8 19. Ra4 Qe6 20. Bc1 Nb6 (20... f5 $17) 21. Rae4 f5 22. R4e2 Qf6 $36 {[%emt 0:01:57][%mdl 2048] Wards off Nh4. Black fights for an advantage.} 23. Qc2 Nd5 (23... Rf8 $15) 24. Nf1 (24. b4 $1 $14 {was the only good move.}) 24... Rf8 {[%emt 0:01:11] Black is more active.} ({Black should play} 24... g5 $17) 25. Ng3 (25. b4 $1 $11 {remains equal.}) 25... Kh8 $17 26. Nh5 Qf7 27. Ng3 Rde8 28. Bd2 {[%emt 0:00:37] [#]} (28. b4 $142 axb4 29. c4) 28... g5 $1 29. Bc1 Nf4 30. Re3 {[%emt 0:01:46] [#]} (30. Rd2 $17) 30... Nxg2 31. Kxg2 f4 $1 32. Nxg5 $2 (32. Re4 $17 fxg3 33. Qd1) 32... hxg5 $19 33. Rf3 Qg6 {[%emt 0:01:07] Weighted Error Value: White=0.33/Black=0.22 (precise)   Mistake:       	White=5     	Black=4      Inaccurate:     	White=2     	Black=1      OK:         	White=7     	Black=12     Best:        	---       	Black=2      Strong:       	---       	Black=1} 0-1

[Event "AUT Bundesliga 2024-25"]
[Site "Austria"]
[Date "2025.04.04"]
[Round "8.30"]
[White "Balogh, Csaba"]
[Black "Csrnko, Werner"]
[Result "1-0"]
[Annotator "TA"]
[ECO "B00"]
[WhiteElo "2542"]
[BlackElo "1933"]
[PlyCount "51"]
[EventDate "2024.08.28"]
[EventType "team-tourn"]
[EventCountry "AUT"]
[SourceTitle "playchess.com"]
[Source "ChessBase"]
[SourceQuality "1"]
[TimeControl "40/5400+30:1800+30"]

1. e4 b6 2. d4 Bb7 3. Bd3 e6 4. Nf3 Be7 5. c4 c5 $146 (5... d6 6. Nc3 Nf6 7. O-O h5 8. d5 e5 9. Ne1 Nbd7 10. f4 exf4 11. Bxf4 Ne5 12. Nf3 Nfg4 {½-½ Kugel,N (1909)-Schoknecht,S (1793) Rheinland Pfalz Seniors op 21st 2024 (8)}) 6. d5 {[%emt 0:00:26] B00: Queen's Fianchetto Defence, Nimzowitsch Defence.} exd5 7. cxd5 d6 8. Nc3 {[%emt 0:04:34] White is better.} Nf6 9. Bb5+ Nfd7 10. a4 {[%emt 0:00:55] White has more active pieces.} a6 11. Bd3 Nf6 12. O-O Nbd7 13. h3 h6 14. Re1 Qc7 15. Nh4 Ne5 16. Bf1 g5 17. Nf5 O-O-O $2 {[%emt 0:02:18] Black cannot hold the game after this.} (17... Bc8 $16 18. f4 gxf4) 18. b4 $18 {[%emt 0:10:49] [#] Strongly threatening a5.} g4 19. bxc5 ({Worse is} 19. Nxh6 gxh3 (19... cxb4 20. Na2 $15) 20. bxc5 Bf8 (20... Qxc5 21. Be3 $15) (20... dxc5 21. gxh3 Ne8 22. Bf4 $14) 21. cxb6 (21. c6 Bxh6 22. Bxh6 Rxh6 $17) 21... Qxc3 $14) 19... bxc5 20. hxg4 ({Less strong is} 20. Nxh6 gxh3 21. gxh3 Nfd7 $16) 20... Nexg4 21. Bf4 Bf8 22. Rb1 h5 23. Re2 Kd7 {[%emt 0:00:42] [#]} 24. a5 $1 Ne8 (24... Rb8 25. Reb2) 25. Reb2 Bc8 26. Qa4+ {[%emt 0:00:10] Weighted Error Value: White=0.07 (flawless) /Black=1.13  Loses game:     	---       	Black=1      Inaccurate:     	White=2     	Black=3      OK:         	White=8     	Black=2      Best:        	---       	Black=1} 1-0

[Event "AUT Bundesliga 2024-25"]
[Site "Austria"]
[Date "2025.04.04"]
[Round "8.32"]
[White "Vitouch, Anatol"]
[Black "Brkic, Ante"]
[Result "0-1"]
[Annotator "TA"]
[ECO "A14"]
[WhiteElo "2271"]
[BlackElo "2586"]
[PlyCount "78"]
[EventDate "2024.08.28"]
[EventType "team-tourn"]
[EventCountry "AUT"]
[SourceTitle "playchess.com"]
[Source "ChessBase"]
[SourceQuality "1"]
[TimeControl "40/5400+30:1800+30"]

1. Nf3 d5 2. g3 Nf6 3. Bg2 e6 4. c4 Be7 5. O-O O-O 6. b3 d4 7. e3 c5 {[%emt 0:00:06] A14: English Opening: 1...e6 with b3 by White.} 8. exd4 {[%emt 0:00:27] 8.Ne5 is the fancy move.} cxd4 9. Re1 Nc6 {[%emt 0:00:32] The position is equal.} 10. a3 a5 $1 11. d3 Nd7 12. Nfd2 $146 (12. Nbd2 $15) (12. Ra2 e5 13. Rae2 Re8 14. Nbd2 f6 15. Nh4 Nc5 16. Ne4 g5 17. Nxc5 Bxc5 18. Nf3 Bg4 {0-1 Iordachescu,V (2589)-Deac,B (2625) Titled Tuesday intern op 21st July blitz 2020 (8)}) 12... e5 13. f4 (13. Ra2 $15) 13... exf4 $17 14. gxf4 Nc5 (14... Bh4 $17 15. Rf1 Nf6) 15. Ne4 $15 Nxe4 16. dxe4 d3 {[%emt 0:12:50] And now ...Qd4+ would win.} 17. Kh1 {[%emt 0:02:19] [#]} a4 $1 18. Nc3 Nd4 (18... Qd4 {feels hotter.} 19. Bb2 Qf2 20. Rb1 axb3 21. Nd5 Bxa3 22. Qxb3 Bxb2 23. Qxb2 Qc2) 19. b4 (19. Re3 $11 {keeps the balance.} d2 (19... Nxb3 20. Rxd3 $11) 20. Bxd2 Nxb3 (20... axb3 21. Rd3 $11) 21. Ra2) 19... Nc2 $17 20. Bb2 Bh4 {[%emt 0:12:02] Black has more active pieces.} ({Black should play} 20... Bf6 $17 21. Qd2 Be6) 21. Rg1 $1 $15 Ne3 $36 {[%emt 0:01:28][%mdl 2048] Black fights for an advantage.} 22. Qh5 {[%emt 0:03:51] Counterplay Black Now White is beyond hope.} ({White should play} 22. Qb1 $1 $15) 22... Nxc4 $19 23. e5 (23. Rab1 $142) 23... g6 (23... Nxb2 24. Be4 g6 25. Qh6) 24. Be4 {[%emt 0:05:46][%cal Rg1g6] Threatens to win with Rxg6+!.} Kh8 25. Rxg6 (25. Qh6 Nxb2 26. Raf1) 25... fxg6 26. Bxg6 Qe7 (26... Nxb2 27. Qxh7#) 27. Nd5 Qg7 28. Bd4 (28. e6 $142 Nxb2 (28... Qxb2 29. Qxh7#) 29. Bxh7) 28... Be6 29. Be4 {[%emt 0:10:18] [#]} Rad8 $1 30. Nf6 (30. Rg1 Qf7) 30... Bxf6 31. exf6 Qf7 32. Qh6 Rxd4 33. Bxh7 Qxh7 34. Qxf8+ Bg8 35. Rg1 {[%emt 0:00:03] [#]} Rd7 $1 {[%emt 0:00:00][%cal Od3d2] ( -> ...d2!)} (35... Nxa3 36. Rxg8+ Qxg8 37. Qh6+ Qh7 38. Qf8+ Qg8 39. Qh6+ Qh7 40. Qf8+ Qg8 $11) ({Less strong is} 35... Qe4+ 36. Rg2 $11) (35... d2 36. Rxg8+ Qxg8 37. Qh6+ Qh7 38. Qf8+ Qg8 39. Qh6+ Qh7 40. Qf8+ Qg8 $11) 36. Qc8 Nb6 ({Not} 36... Nxa3 37. Rxg8+ Qxg8 38. Qxd7 $11) 37. Qe8 Qf7 38. Qe3 {[%emt 0:00:00] [#]} d2 $1 39. Rd1 (39. Qf3 Qd5) 39... Qh5 {[%emt 0:00:32] Weighted Error Value: White=1.07/Black=0.18 (very precise)   Loses game:     	White=1     	---        Mistake:       	White=5     	Black=2      Inaccurate:     	White=1     	Black=4      OK:         	White=4     	Black=6      Best:        	White=1     	Black=2      Strong:       	White=1     	Black=1} 0-1

[Event "AUT Bundesliga 2024-25"]
[Site "Austria"]
[Date "2025.04.04"]
[Round "8.33"]
[White "Martinovic, Sasa"]
[Black "Rubil, Marko"]
[Result "1-0"]
[Annotator "TA"]
[ECO "D02"]
[WhiteElo "2549"]
[BlackElo "2276"]
[PlyCount "91"]
[EventDate "2024.08.28"]
[EventType "team-tourn"]
[EventCountry "AUT"]
[SourceTitle "playchess.com"]
[Source "ChessBase"]
[SourceQuality "1"]
[TimeControl "40/5400+30:1800+30"]

1. Nf3 d5 2. g3 g6 3. Bg2 Bg7 4. d4 Nh6 5. c3 Nf5 6. h4 {[%emt 0:00:25][%cal Bh2h4,Bh4h5][%mdl 32] D02: 1 d4 d5 2 Nf3 sidelines, including 2...Nf6 3 g3 and 2...Nf6 3 Bf4.} h6 7. Nbd2 Nd6 8. Nh2 $146 {[%emt 0:00:26] White is slightly better.} (8. Ne5 c6 9. e4 dxe4 10. Qe2 Nd7 11. Nxd7 Bxd7 12. Nxe4 Nxe4 13. Bxe4 Qa5 14. b4 {½-½ Kengis,E (2543)-Arlandi,E (2440) Australian op 2004 (5)}) 8... c6 9. h5 g5 10. e4 dxe4 11. Nxe4 Nxe4 12. Bxe4 Nd7 13. O-O Nf6 {[%emt 0:00:18] Wards off Ng4} 14. Bg2 Bf5 15. Re1 Qd7 16. Nf3 Bg4 17. Qa4 {[%emt 0:02:18] [#]} Nxh5 18. Ne5 Bxe5 19. Rxe5 O-O (19... Bh3 $11) 20. Bd2 ({White should try} 20. d5 $1 $14 cxd5 21. Qxd7 Bxd7 22. Bxd5 (22. Rxd5 Bc6 $11)) 20... f6 21. Re3 Ng7 22. Rae1 Rae8 23. Qxa7 Nf5 24. Rd3 $1 Nd6 25. d5 Qf5 26. Qe3 (26. Ree3 $1 $14) 26... Nc4 $1 $11 27. Qd4 Nxb2 28. Rde3 {[%emt 0:04:42] [#]} c5 $1 29. Qe4 (29. Qxc5 Nd3 30. Rxd3 Qxd3 $17) 29... b5 30. d6 e6 (30... exd6 $2 31. Qxf5 (31. Qxe8 Rxe8 32. Rxe8+ Kf7 $18) 31... Bxf5 32. Rxe8 $18) 31. Qb7 $36 {[%emt 0:03:34][%cal Og2e4][%mdl 2048] White has the initiative.} Rb8 32. Qa7 Qh7 (32... e5 $1 $11) 33. Qxh7+ $14 Kxh7 34. f3 Bf5 {[%emt 0:00:17] ...e5 would now be deadly.} 35. g4 Bg6 36. Rxe6 Nd3 {[%emt 0:02:33] Dodges f4} 37. Re7+ {[%emt 0:00:35][%csl Oe7] Strong Square White (e7)} Kh8 {[%emt 0:00:24] A mistake that costs the game.} ({Black should try} 37... Rf7 $14 38. R1e6 Rxe7 39. Rxe7+ Kg8) 38. R1e6 $18 c4 (38... Rbd8 {keeps fighting.} 39. f4 Nxf4 40. Bxf4 gxf4) 39. d7 Ne5 40. f4 Nxg4 {[%emt 0:00:57] Black is weak on the dark squares} 41. Bc6 ({Weaker is} 41. fxg5 hxg5 42. Rd6 (42. Bxg5 Bf5 $11) 42... Bf5 $18) 41... Bf5 42. Rd6 gxf4 (42... Rg8 $142 43. fxg5 (43. Re8 Rd8 $18) 43... hxg5 44. Bxb5 (44. Re8 Rd8 $18) 44... Rgd8) 43. Bxf4 {[%emt 0:03:02] White is clearly winning. This pair of bishops is nice.} Rg8 44. Kf1 {[%emt 0:01:14] Black must now prevent Rd5.} Bg6 45. Rde6 Rbf8 46. Re8 {[%emt 0:01:09] Weighted Error Value: White=0.07 (flawless) /Black=0.33  Mistake:       	White=2     	Black=5      Inaccurate:     	White=2     	Black=4      OK:         	White=16    	Black=13     Best:        	White=5     	Black=1      Strong:       	White=1     	Black=1} 1-0

[Event "AUT Bundesliga 2024-25"]
[Site "Austria"]
[Date "2025.04.04"]
[Round "8.34"]
[White "Kuthan, Andreas"]
[Black "Bosiocic, Marin"]
[Result "0-1"]
[Annotator "TA"]
[ECO "C41"]
[WhiteElo "2136"]
[BlackElo "2522"]
[PlyCount "70"]
[EventDate "2024.08.28"]
[EventType "team-tourn"]
[EventCountry "AUT"]
[SourceTitle "playchess.com"]
[Source "ChessBase"]
[SourceQuality "1"]
[TimeControl "40/5400+30:1800+30"]

1. e4 e5 2. Nf3 d6 3. d4 exd4 4. Nxd4 Nf6 5. Nc3 Be7 6. Qf3 {[%emt 0:04:37] C41: Philidor Defence.} O-O 7. Nf5 Bxf5 8. Qxf5 {[%emt 0:00:06] The position is equal.} Nc6 (8... c6 $11) 9. Be3 $14 Ne5 10. Be2 {[%emt 0:04:16] Prevents Nfg4} g6 (10... c6 $14) 11. Qh3 $16 Qd7 $146 (11... b5 12. O-O-O b4 13. Nd5 Nxd5 14. exd5 Rb8 15. f4 Nd7 16. g4 Re8 17. g5 Bf8 {1-0 Nijboer,F (2510)-Bosboom,M (2380) Leeuwarden op 1994 (6)}) 12. Qxd7 Nexd7 13. O-O-O c6 14. f4 Rfe8 15. Bf3 Bf8 16. Rhe1 Nb6 17. b3 Nfd7 18. a4 a5 19. g3 f5 20. exf5 gxf5 21. Bd4 d5 22. Ne2 Bb4 23. Rg1 c5 $1 24. Bb2 {[%emt 0:03:06][%cal Oc2c3] c3! is the strong threat. A strong pair of Bishops.} d4 25. Rd3 (25. g4 $14) 25... c4 (25... Nf6 $11 {keeps the balance.}) 26. Rxd4 (26. bxc4 $1 $16 Nc5 27. Bxd4 (27. Rxd4 Re3 $11)) 26... Re3 {[%emt 0:01:08] [#]} (26... cxb3 $1 $11 27. cxb3 Nc5) 27. Bxb7 $2 (27. Rxd7 $1 $16 {is forced if you want to stay better.} Nxd7 28. Bd5+ (28. Bxb7 $2 Rae8 $19) 28... Kf8 29. Bxc4) 27... Rae8 $17 (27... Rxe2 28. Bxa8 c3 29. Ba1 $16) (27... Ra7 $2 28. Rxd7 Nxd7 29. Bd5+ Kf8 30. Bxc4 $18) 28. Bd5+ Nxd5 {[%emt 0:04:07] Black is more active.} 29. Rxd5 {[%emt 0:00:04] [#]} Nb6 $36 {[%emt 0:01:51][%mdl 2048] White is under strong pressure.} (29... Rxe2 30. Rxd7 c3 31. Ba1 $15) (29... c3 30. Nxc3 Nb6 31. Rb5 Bxc3 32. Bxc3 (32. Rxb6 $2 Re1+ 33. Rxe1 Rxe1#) 32... Rxc3 33. Rg2 $16 (33. Rxb6 Re2 $11)) 30. Rxf5 Rxe2 31. Be5 $2 {[%emt 0:02:30] This move loses the game for White.} (31. Bd4 $17) 31... Nd7 (31... Rxh2 32. Rd1 $17) (31... cxb3 $19 {is more deadly.} 32. Rg5+ Kf7 33. Rf5+ Ke7 34. cxb3 Rc8+ (34... Rxh2 $2 35. Bd4 $19) 35. Kb1 Nd5 (35... Rxh2 $2 36. Bd4 $19)) 32. bxc4 (32. Rg5+ $17 {might work better.} Kf8 33. Bg7+ Kf7 34. Bd4) 32... Nxe5 $19 (32... Rxh2 33. Rg5+ Kf8 34. Rf5+ Kg8 (34... Ke7 $2 35. Kb1 $19) 35. Bd4 $19) 33. fxe5 $2 (33. Rxe5 {only move.} R8xe5 34. fxe5) 33... Ba3+ ({Don't take} 33... Rxh2 34. Kb2) (33... Rc8 34. Rf4 $19) 34. Kd1 Rxh2 {[%emt 0:00:05] ( -> ...Rd8+)} 35. Rgf1 $2 (35. Rf3 $19 Bb4 36. Kc1) 35... Rd8+ {[%emt 0:00:16] Weighted Error Value: White=0.66/Black=0.23 (precise)   Loses game:     	White=1     	---        Missed win:     	---       	Black=1      Mistake:       	White=6     	Black=4      Inaccurate:     	White=2     	Black=2      OK:         	White=9     	Black=9      Best:        	White=2     	Black=7      Strong:       	---       	Black=1} 0-1

[Event "AUT Bundesliga 2024-25"]
[Site "Austria"]
[Date "2025.04.04"]
[Round "8.35"]
[White "Livaic, Leon"]
[Black "Lovrinovic, Christian"]
[Result "1-0"]
[Annotator "TA"]
[ECO "E71"]
[WhiteElo "2536"]
[BlackElo "2062"]
[PlyCount "97"]
[EventDate "2024.08.28"]
[EventType "team-tourn"]
[EventCountry "AUT"]
[SourceTitle "playchess.com"]
[Source "ChessBase"]
[SourceQuality "1"]
[TimeControl "40/5400+30:1800+30"]

1. d4 Nf6 2. c4 g6 3. Nc3 Bg7 4. e4 d6 5. h3 O-O 6. Be3 e5 7. d5 Na6 8. g4 {[%emt 0:00:23] E71: King's Indian: 4 e4 d6 5 h3.} Nc5 9. f3 a5 10. Qd2 {[%emt 0:00:18] White is slightly better.} a4 11. Nge2 Ne8 $146 (11... c6 12. h4 cxd5 13. cxd5 Qa5 14. Ng3 Bd7 15. h5 b5 16. hxg6 fxg6 17. Qh2 b4 {0-1 Meskovs,N (2568)-Gabrielian,A (2458) Mikhail Tal Blitz 2020 (15)}) 12. h4 f5 13. gxf5 gxf5 14. O-O-O a3 15. b3 {[%emt 0:01:20] Black is now going downhill.} f4 16. Bf2 Kh8 17. Kb1 Bd7 18. Bh3 Nf6 19. h5 Ng8 (19... Bxh3 $16 20. Rxh3 Bh6) 20. Bxc5 $18 dxc5 21. Bxd7 Qxd7 22. Na4 b6 23. Nec3 Rf6 24. Nb5 Bf8 25. Rhg1 Rh6 $2 (25... Nh6 {was called for.} 26. Nxa3 Bg7) 26. Qg2 {[%emt 0:08:53][%csl Gg1][%cal Rg2g8] [#]} (26. Nxa3 Nf6 $16) 26... Bd6 27. Nxd6 ({Weaker is} 27. Nxa3 Rxh5 28. Rh1 Nf6 $14) 27... Rxd6 28. Qg5 Qe7 {[%emt 0:02:10] Black is weak on the light squares} 29. Nc3 $40 {[%emt 0:00:54][%mdl 128] Black is in trouble.} Rh6 (29... Rd7 $142 30. Qxe7 Nxe7) 30. Nb5 Rd8 (30... Re8 $142 31. d6 (31. Nxa3 Qf7 $18) 31... cxd6 32. Nxd6 (32. Nxa3 Qxg5 33. Rxg5 Ne7 $14) 32... Qxg5 (32... Rxd6 $2 {perishes.} 33. Rxd6 Rf8 34. h6 $18) 33. Rxg5 Rf8 34. Rxe5 Nf6) 31. Nxa3 Qxg5 32. Rxg5 Re8 (32... Nf6 $142 33. Rxe5 Rxh5) 33. Nb5 Re7 34. Rdg1 Nf6 35. Rf5 Rg7 36. Rxg7 Kxg7 37. Rxe5 Nxh5 {[%emt 0:00:50][%mdl 4096] Endgame KRN-KRN. White is a pawn up.} 38. Re7+ Kf8 39. Rxc7 Ng7 40. e5 Rh3 41. d6 {[%emt 0:31:23] aiming for Rc8+.} Rxf3 {[%emt 0:30:26] [#]} 42. Rxg7 $1 {[%emt 0:02:37] KRN-KR} Rf1+ (42... Rd3 43. Rxh7) 43. Kc2 {[%emt 0:00:00] White wants to mate with d7.} f3 44. d7 f2 45. d8=Q+ Kxg7 46. Qf6+ Kg8 47. Nd6 {[%emt 0:00:00] White mates.} Ra1 48. Qf7+ Kh8 49. Qf8# {[%emt 0:00:00] Weighted Error Value: White=0.12 (very precise) /Black=0.77  Mistake:       	---       	Black=5      Inaccurate:     	White=3     	Black=5      OK:         	White=17    	Black=7      Best:        	White=1     	Black=1} 1-0

[Event "AUT Bundesliga 2024-25"]
[Site "Austria"]
[Date "2025.04.04"]
[Round "8.36"]
[White "Karelina, Polina"]
[Black "Saric, Ante"]
[Result "0-1"]
[Annotator "TA"]
[ECO "B23"]
[WhiteElo "1903"]
[BlackElo "2490"]
[PlyCount "66"]
[EventDate "2024.08.28"]
[EventType "team-tourn"]
[EventCountry "AUT"]
[SourceTitle "playchess.com"]
[Source "ChessBase"]
[SourceQuality "1"]
[TimeControl "40/5400+30:1800+30"]

1. e4 c5 2. Nc3 d6 3. f4 g6 4. Nf3 Bg7 5. Bc4 Nc6 6. a3 e6 7. d3 Nge7 8. O-O O-O {[%emt 0:00:18] B23: Closed Sicilian: Lines without g3.} 9. Kh1 b6 10. Qe1 Bb7 {[%emt 0:02:55] Black is slightly better.} 11. h4 $146 ({Better is} 11. Ba2 $15) (11. Ba2 Nd4 12. Nxd4 Bxd4 13. Ne2 Bg7 14. Ng3 Re8 15. Qf2 Bd4 16. Qf3 Qc7 17. Qg4 {1-0 Torres Cueto,J (2075)-Hemmat,A (1774) Pan American-ch U16 27th 2016 (6)}) 11... Nd4 12. Bb3 (12. Nxd4 $17 {was called for.} cxd4 13. Nd1) 12... Nxb3 $19 13. cxb3 Ba6 14. Qd1 d5 15. Re1 dxe4 (15... Nc6 $19 16. e5 Nd4 17. Nxd4 Qxh4+ (17... cxd4 $2 18. Ne2 $19) 18. Kg1 cxd4) 16. dxe4 $17 Nc6 17. Qxd8 (17. Be3 $17) 17... Rfxd8 $19 18. e5 Na5 19. Nd2 Bb7 (19... Bf8 $19 {and Black stays clearly on top.} 20. Nce4 Rd3 21. Nf6+ Kh8) 20. b4 $17 cxb4 21. axb4 Nc6 22. b5 Nb4 $36 {[%emt 0:00:22][%mdl 2048] [#] Black is on the roll.} 23. Re2 a6 {[%emt 0:00:36] Black is more active.} 24. Nde4 axb5 25. Rxa8 Rxa8 26. Nd6 (26. Be3 $142) 26... Bc6 27. Be3 {[%emt 0:01:00][%cal Oh1h2] [#]} f6 (27... Nd3 $1 $17 {Hoping for ...Ra1+.} 28. Ncxb5 Ra1+ 29. Kh2 Nxe5 30. Bxb6 (30. fxe5 $2 {too greedy.} Bxe5+ $19) 30... Ng4+ 31. Kg3 f5) 28. Bxb6 {[%emt 0:03:32] This costs White the game.} (28. exf6 $1 $15 Bxf6 29. Ndxb5) 28... fxe5 $19 29. fxe5 Nd3 30. Bd4 b4 31. Nce4 Nxe5 32. Nc5 $2 (32. Nf6+ Bxf6 33. Bxe5 Bxe5 (33... Bxh4 $2 34. Rc2 $19) 34. Rxe5) 32... Nf3 {[%emt 0:02:37] ( -> ...Ra1+)} 33. Bxg7 Ra1+ {[%emt 0:00:27] Weighted Error Value: White=0.61/Black=0.14 (very precise)   Mistake:       	White=6     	Black=3      Inaccurate:     	White=2     	---        OK:         	White=7     	Black=12     Best:        	White=1     	---} 0-1